 Dungeon Crawl Stone Soup version 0.30.1-3-gfc49f6343a (webtiles) character file.

Game seed: 5880725484179371554

30090 Fecro the Unseen (level 13, 0/64 HPs)
             Began as a Spriggan Brigand on July 12, 2023.
             Was an Elder of Wu Jian.
             Killed from afar by an air elemental (21 damage)
             ... with a stunning burst
             ... while paralysed by an air elemental
             ... on level 1 of the Elven Halls on July 18, 2023.
             The game lasted 01:35:59 (20498 turns).

Fecro the Unseen (Spriggan Brigand)                Turns: 20498, Time: 01:36:00

Health: 0/64       AC:  6    Str:  4 (7)  XL:     13   Next: 18%
Magic:  22/22      EV:  4    Int: 11 (12) God:    Wu Jian [****..]
Gold:   1444       SH:  0    Dex: 22      Spells: 18/23 levels left

rFire   + . .        h - +2 shortbow (flame)
rCold   . . .        (shield currently unavailable)
rNeg    . . .        i - +0 troll leather armour
rPois   .            (helmet restricted)
rElec   .            c - +1 cloak {Will+}
rCorr   .            (gloves unavailable)
SInv    +            (boots unavailable)
Will    +++..        (no amulet)
Stlth   +++++++      u - ring of protection from fire
HPRegen 1.10/turn    (no ring)
MPRegen 0.18/turn

%: no passive effects
@: paralysed, studying Short Blades, very quick
A: very small, no large weapons, unfitting armour, see invisible, speed 3
a: Renounce Religion, Wall Jump, Serpent's Lash


You were on level 1 of the Elven Halls.
You worshipped Wu Jian.
Wu Jian was greatly pleased with you.
You visited 4 branches of the dungeon, and saw 16 of its levels.

You collected 1466 gold pieces.
You spent 22 gold pieces at shops.

Inventory:

Hand Weapons
 h - a +2 shortbow of flaming (weapon)
 D - a +4 dagger of chaos
Missiles
 d - 34 poisoned darts
 e - a curare-tipped dart
 p - an atropa-tipped dart
 x - 8 throwing nets
 y - 3 boomerangs
Armour
 b - +0 acid dragon scales
 c - a +1 cloak of willpower (worn)
 i - a +0 troll leather armour (worn)
Jewellery
 u - a ring of protection from fire (left hand)
Wands
 j - a wand of polymorph (4)
 k - a wand of flame (35)
 r - a wand of paralysis (2)
Scrolls
 l - 2 scrolls of enchant armour
 v - 2 scrolls of fog
 w - 2 scrolls of amnesia
 B - a scroll of magic mapping
Potions
 f - 5 potions of curing
 g - a potion of berserk rage
 m - a potion of flight
 n - 2 potions of brilliance
 o - 2 potions of haste {unknown}
 q - 2 potions of cancellation
 s - a potion of mutation {unknown}
 t - a potion of ambrosia {unknown}
 z - a potion of magic {unknown}
 A - 2 potions of heal wounds {unknown}


   Skills:
 + Level 5.4 Fighting
 + Level 7.5 Short Blades
 + Level 9.8 Ranged Weapons
 * Level 9.9 Throwing
 + Level 2.1 Armour
 + Level 7.6 Dodging
 * Level 16.8 Stealth
 - Level 5.5 Spellcasting
 * Level 6.3 Hexes
 - Level 6.9 Translocations
 * Level 6.5 Transmutations
 + Level 2.7 Evocations


You had 18 spell levels left.
You knew the following spells:

 Your Spells              Type           Power      Damage    Failure   Level
a - Blink                 Tloc           36%        N/A       3%          2
b - Lesser Beckoning      Tloc           36%        N/A       3%          2
c - Slow                  Hex            68%        N/A       2%          1

Your spell library contained the following spells:

 Spells                   Type           Power      Damage    Failure   Level
 Confusing Touch          Hex            17%        N/A       8%          3
 Momentum Strike          Conj/Tloc      20%        3d8       13%         2
 Ensorcelled Hibernation  Hex/Ice        20%        N/A       14%         2
 Passwall                 Tmut/Erth      8%         N/A       14%         2
 Spider Form              Tmut/Pois      10%        N/A       26%         3
 Inner Flame              Hex/Fire       10%        N/A       28%         3
 Anguish                  Hex/Necr       5%         N/A       67%         4
 Swiftness                Air            3%         N/A       71%         3
 Vampiric Draining        Necr           3%         2d6       71%         3
 Flame Wave               Conj/Fire      3%         2d5       98%         4
 Sticky Flame             Conj/Fire      3%         2d3       98%         4


Dungeon Overview and Level Annotations

Branches:
Dungeon (12/15)            Temple (1/1) D:5            Lair (0/5) D:11
    Orc (2/2) D:11            Elf (1/3) Orc:2

Altars:
Ashenzari
Cheibriados
Dithmenos
Elyvilon
Fedhas
Gozag
Okawaru
Qazlal
Sif Muna
Trog
Wu Jian
Xom
Yredelemnul
The Shining One

Shops:
D:5 [   Orc:1 ?   Orc:2 (*!:   Elf:1 (


Innate Abilities, Weirdness & Mutations

You are very small and have problems with some larger weapons.
You are too small for most types of armour.
You have supernaturally acute eyesight. (SInv)
You cover ground extremely quickly. (Speed+++)


Message History

You feel your intelligence returning.
The deep elf pyromancer shouts!
The deep elf knight shouts!
The deep elf pyromancer shouts!
The deep elf zephyrmancer casts a spell.
The deep elf zephyrmancer blinks!
There is a fountain of clear blue water here.
The deep elf knight shouts!
You hear a shout!
The air elemental fires a burst of electricity at you.
The stunning burst misses you.
The deep elf knight wields a +0 shortbow.
The deep elf knight shoots an arrow.
The arrow completely misses you.
Your +2 shortbow of flaming bursts into flame!
h - a +2 shortbow of flaming (weapon)
The air elemental fires a burst of electricity at you.
The stunning burst misses you.
You shoot an arrow. The arrow hits the deep elf pyromancer.
The arrow burns the deep elf pyromancer.
The deep elf pyromancer is lightly wounded.
The air elemental fires a burst of electricity at you.
The stunning burst misses you.
The deep elf pyromancer mumbles some strange words.
The deep elf pyromancer blinks!
The air elemental fires a burst of electricity at you.
The stunning burst hits you!
You suddenly lose the ability to move!
The deep elf knight shoots an arrow.
The arrow hits you!
You can move again.
The air elemental fires a burst of electricity at you.
The stunning burst hits you.
You shrug off the repeated paralysis!
The air elemental fires a burst of electricity at you.
The stunning burst hits you!
You shrug off the repeated paralysis!
The air elemental fires a burst of electricity at you.
The stunning burst misses you.
You open the door. The air elemental misses you.
There is an open door here.
The air elemental fires a burst of electricity at you.
The stunning burst hits you!
You suddenly lose the ability to move!
The air elemental fires a burst of electricity at you.
The stunning burst hits you!!
You die...

####.## ##.## #
##.)..## #'# #
##......## #.# #
#........######.# #
............'.....#
#
.............#####.#
# ..#####.....##
#.####### . #....##
#........ #..@##
#.######.
###'########.# #.
#.E......:># #.
#.######e### #. #.#
###..# #. #.#
##..⌠.+ #+
#####.....#
...###....### .
#.......### .


You could see an air elemental.

Vanquished Creatures
  An orc warlord (Orc:2)
  Harold (Orc:1)
  A boulder beetle (D:11)
  5 two-headed ogres
  2 orc high priests (Orc:2)
  A deep elf knight (Elf:1)
  Nergalle (D:11)
  Pikel (D:4)
  6 orc knights
  2 deep elf archers (Elf:1)
  4 deep elf pyromancers (Elf:1)
  5 orc sorcerers
  A manticore (D:11)
  3 cyclopes (Orc:2)
  Maurice (Orc:2)
  2 komodo dragons
  2 kobold demonologists
  7 trolls
  2 hornets
  3 saltlings (Orc:2)
  A shadow (D:11)
  Sigmund (D:4)
  A fire elemental (Elf:1)
  10 yaks
  2 hogs
  4 wraiths
  A human (D:7)
  A wyvern (D:7)
  4 vampire mosquitoes
  2 steam dragons
  Edmund (D:4)
  3 wargs
  2 acid dragons
  2 water moccasins
  A sky beast (D:7)
  3 ice beasts
  15 orc warriors
  A black bear (D:7)
  5 ogres
  3 centaurs
  2 lemures
  3 kobold brigands
  Blork the orc (D:5)
  2 bullfrogs
  A gnoll sergeant (D:7)
  A scorpion (D:7)
  16 wights
  4 killer bees
  An electric eel (D:10)
  5 hounds
  A jelly (D:5)
  14 orc priests
  Jessica (D:3)
  5 iguanas
  13 orc wizards
  13 adders
  4 gnolls
  3 shadow imps
  2 ufetubi
  A worm (D:2)
  A dart slug (D:4)
  50 orcs
  3 endoplasms
  3 giant cockroaches
  13 goblins
  9 hobgoblins
  3 quokkas
  4 ball pythons
  6 bats
  A frilled lizard (D:2)
  15 kobolds
  2 rats
317 creatures vanquished.

Vanquished Creatures (others)
  A sky beast (D:7)
  An orc wizard (Orc:2)
  An orc (Orc:2)
3 creatures vanquished.

Grand Total: 320 creatures vanquished

Notes
Turn   | Place    | Note
-------+----------+-------------------------------------------
     0 | D:1      | Fecro the Spriggan Brigand began the quest for the Orb.
     0 | D:1      | Reached XP level 1. HP: 10/10 MP: 2/2
    39 | D:1      | Reached skill level 6 in Stealth
    48 | D:1      | Found a faded altar of an unknown god.
   141 | D:1      | Reached XP level 2. HP: 14/14 MP: 3/3
   775 | D:2      | Reached XP level 3. HP: 18/18 MP: 4/4
   792 | D:2      | Reached skill level 7 in Stealth
  1445 | D:3      | Noticed Jessica
  1451 | D:3      | Killed Jessica
  1452 | D:3      | Reached XP level 4. HP: 23/23 MP: 5/5
  1633 | D:3      | Reached XP level 5. HP: 26/26 MP: 6/6
  1846 | D:3      | Reached skill level 8 in Stealth
  2493 | D:4      | Noticed a lemure
  2495 | D:4      | Noticed a lemure
  2495 | D:4      | Noticed a lemure
  2497 | D:4      | Killed a lemure
  2666 | D:3      | Killed a lemure
  2760 | D:4      | Noticed a lemure
  2773 | D:4      | Noticed Pikel
  2800 | D:4      | Killed Pikel
  2801 | D:4      | Reached skill level 9 in Stealth
  2801 | D:4      | Reached skill level 1 in Evocations
  2801 | D:4      | Reached XP level 6. HP: 5/31 MP: 7/7
  2801 | D:4      | Reached XP level 7. HP: 6/35 MP: 8/8
  3182 | D:4      | Noticed Edmund
  3208 | D:4      | Killed Edmund
  3385 | D:4      | Noticed Sigmund
  3860 | D:4      | Killed Sigmund
  3861 | D:4      | Reached XP level 8. HP: 30/39 MP: 9/9
  3933 | D:5      | Entered Level 5 of the Dungeon
  3936 | D:5      | Reached skill level 10 in Stealth
  3937 | D:5      | Noticed Blork the orc
  4657 | D:5      | Killed Blork the orc
  4728 | D:5      | Identified the staff of cold "Zina" {rF+ rC+ Str-5 Int+6}
  4762 | D:5      | Found a staircase to the Ecumenical Temple.
  4834 | D:5      | Reached skill level 5 in Throwing
  4964 | Temple   | Entered the Ecumenical Temple
  4979 | Temple   | Became a worshipper of the Wu Jian Council
  5305 | D:5      | Found Ywih's Armour Boutique.
  5855 | D:6      | Reached skill level 1 in Spellcasting
  5855 | D:6      | Reached skill level 1 in Translocations
  6111 | D:6      | Reached skill level 11 in Stealth
  6605 | D:7      | Reached XP level 9. HP: 31/44 MP: 12/12
  6719 | D:7      | Reached skill level 5 in Ranged Weapons
  7622 | D:7      | Reached skill level 5 in Dodging
  7719 | D:7      | Reached * piety under Wu Jian
  7803 | D:7      | Paralysed by a centaur for 3 turns
  8068 | D:7      | Reached skill level 12 in Stealth
  8130 | D:7      | Reached skill level 5 in Translocations
  8254 | D:7      | Reached XP level 10. HP: 49/49 MP: 16/16
  8414 | D:8      | Found a stormy altar of Qazlal.
  8441 | D:8      | Learned a level 2 spell: Blink
  8444 | D:8      | Learned a level 2 spell: Lesser Beckoning
  9945 | D:7      | Reached skill level 5 in Short Blades
 10192 | D:7      | Noticed a sixfirhy
 12216 | D:10     | Entered Level 10 of the Dungeon
 12406 | D:9      | Reached skill level 13 in Stealth
 12446 | D:10     | Noticed a smoke demon
 12627 | D:10     | Reached ** piety under Wu Jian
 12628 | D:10     | Reached skill level 5 in Spellcasting
 12986 | D:10     | Noticed a two-headed ogre
 12993 | D:10     | Reached XP level 11. HP: 54/54 MP: 18/20
 13000 | D:10     | Killed a two-headed ogre
 13291 | D:10     | Noticed a two-headed ogre
 13299 | D:10     | You fall into a shaft and drop 2 floors!
 13500 | D:10     | Killed a two-headed ogre
 13794 | D:9      | Reached skill level 14 in Stealth
 13794 | D:9      | Reached skill level 1 in Hexes
 13794 | D:9      | Reached skill level 1 in Transmutations
 14063 | D:11     | Found a staircase to the Orcish Mines.
 14106 | D:11     | Found a staircase to the Lair.
 14115 | D:11     | Noticed Nergalle
 14268 | D:11     | Killed Nergalle
 14494 | D:11     | Noticed a two-headed ogre
 14511 | D:11     | Killed a two-headed ogre
 14689 | D:11     | Noticed a boulder beetle
 14693 | D:11     | Killed a boulder beetle
 15058 | D:11     | Reached skill level 15 in Stealth
 15377 | Orc:1    | Entered Level 1 of the Orcish Mines
 15388 | Orc:1    | Noticed a two-headed ogre
 15412 | D:11     | Reached *** piety under Wu Jian
 15426 | D:11     | Killed a two-headed ogre
 15427 | D:11     | Reached skill level 1 in Armour
 15916 | Orc:2    | Entered Level 2 of the Orcish Mines
 16005 | Orc:1    | Noticed an orc sorcerer
 16038 | Orc:1    | Killed an orc sorcerer
 16085 | Orc:1    | Found Mabbuf's Magic Scroll Shoppe.
 16093 | Orc:1    | Bought a scroll of identify for 22 gold pieces
 16164 | Orc:2    | Found a staircase to the Elven Halls.
 16177 | Orc:1    | Noticed Harold
 16178 | Orc:1    | Killed Harold
 16179 | Orc:1    | Reached XP level 12. HP: 59/59 MP: 21/21
 16792 | Orc:2    | Upgraded the game from 0.30.1 to 0.30.1-3-gfc49f6343a
 17091 | Orc:2    | Noticed an orc high priest
 17130 | Orc:2    | Reached **** piety under Wu Jian
 17222 | Orc:2    | Killed an orc high priest
 17296 | Orc:2    | Noticed Maurice
 17303 | Orc:2    | Killed Maurice
 18332 | Orc:2    | Reached skill level 5 in Fighting
 18380 | Orc:2    | Noticed a two-headed ogre
 18475 | Orc:2    | Reached skill level 5 in Transmutations
 18589 | Orc:2    | Killed a two-headed ogre
 18648 | Orc:2    | Reached skill level 5 in Hexes
 18740 | Orc:2    | Reached skill level 16 in Stealth
 18907 | Orc:2    | Found Vilooj's General Store.
 19315 | Orc:2    | Noticed an orc high priest
 19576 | Orc:2    | Killed an orc high priest
 19585 | Orc:2    | Learned a level 1 spell: Slow
 19633 | Orc:2    | Noticed an orc warlord
 19667 | Orc:2    | Killed an orc warlord
 19892 | Orc:2    | Found Hiolism's Distillery.
 19921 | Orc:2    | Found Jeah Sicw's Book Shoppe.
 20058 | Orc:2    | Reached XP level 13. HP: 46/63 MP: 22/22
 20109 | Orc:2    | Found Caox's Antique Weapon Shop.
 20219 | Elf:1    | Entered Level 1 of the Elven Halls
 20418 | Elf:1    | Found Gulugag's Weapon Boutique.
 20437 | Elf:1    | Noticed a deep elf death mage
 20487 | Elf:1    | Paralysed by an air elemental for 1 turns
 20497 | Elf:1    | Paralysed by an air elemental for 1 turns
 20498 | Elf:1    | Killed from afar by an air elemental

Illustrated notes

Levels and vault maps discovered:
D:1:      dpeg_arrival_windows_large_door, layout_basic,
          hellmonk_ecumenical_altar_pennies_from_heaven, hex_intersection
D:2:      cheibrodos_greedy_goblins, layout_loops_ring
D:3:      layout_basic, chequers_serial_rivers_micro_e, uniq_jessica
D:4:      minmay_angry_zag, layout_loops_corners, minmay_misc_feat_four_crosses,
          corexii_leaking_fountain, minmay_misc_feat_plants, uniq_pikel,
          uniq_sigmund, uniq_edmund
D:5:      layout_basic, minmay_temple_entry_waves, serial_shops,
          nicolae_square_shop, grunt_ministairs_9, uniq_blork_the_orc
D:6:      layout_cave_pools
D:7:      layout_loops_ring, grunt_livestock, small_statue_intersection,
          chequers_serial_rivers_micro_c
D:8:      layout_rooms, nicolae_qazlal_style_of_elements
D:9:      layout_cross
D:10:     layout_loops_ring, nrook_pool_corridor
D:11:     layout_loops_ring, david_lair_shrubbed, orc_0_dummy,
          minmay_misc_feat_room, nicolae_zen_rock_garden, uniq_nergalle
D:12:     layout_irregular_city, minmay_misc_feat_tiny, hex_medium
Temple:   nicolae_temple_bog_church
Orc:1:    layout_caves, serial_shops, nicolae_shop_trees, uniq_harold
Orc:2:    hellmonk_orc_salted, layout_diamond_mine, enter_volcano_4,
          uniq_maurice
Elf:1:    eino_elf_arrival_customs, layout_gridlike, serial_shops,
          nicolae_shop_bloodbath_and_beyond, shop, minmay_elf_demonology,
          grunt_ministairs_14, grunt_megastairs_4

Skill      XL: |  1  2  3  4  5  6  7  8  9 10 11 12 |
---------------+-------------------------------------+-----
Stealth        | 6 7 9 11 12 13 15 16 | 16.8
Dodging        | 2 3 4 5 6 7 |  7.6
Short Blades   | 3 4 5 6 7 |  7.5
Fighting       | 2 3 4 5 |  5.4
Ranged Weapons | 3 4 6 7 8 9 |  9.8
Throwing       | 3 4 5 6 7 8 9 |  9.9
Evocations     | 1 2 |  2.7
Spellcasting   | 1 3 5 |  5.5
Translocations | 2 5 6 |  6.9
Hexes          | 3 6 |  6.3
Transmutations | 3 6 |  6.5
Armour         | 1 2 |  2.1

Action                     |  1- 3 |  4- 6 |  7- 9 | 10-12 | 13-15 || total
---------------------------+-------+-------+-------+-------+-------++-------
  Melee: Dagger            |   108 |   122 |   330 |   782 |     8 ||  1350
         Punch             |     3 |       |     3 |    18 |       ||    24
   Fire: Sling             |       |    31 |   154 |   408 |       ||   593
         Arbalest          |       |       |       |   122 |       ||   122
         Shortbow          |       |       |       |       |     1 ||     1
  Throw: Dart              |       |     4 |    47 |   119 |     5 ||   175
         Boomerang         |       |       |    48 |   106 |       ||   154
   Cast: Blink             |       |       |       |     3 |       ||     3
Ability: Lunge             |       |       |    16 |    40 |     4 ||    60
         Whirlwind         |       |       |       |   123 |       ||   123
  Evoke: Wand              |       |     7 |       |    29 |       ||    36
    Use: Scroll            |     4 |     4 |     6 |     7 |     2 ||    23
         Potion            |       |       |       |     4 |       ||     4
   Stab: Sleeping          |    10 |    14 |    17 |    27 |     7 ||    75
         Invisible         |       |       |     6 |    18 |       ||    24
         Distracted        |       |       |     1 |     1 |       ||     2
         Paralysed         |       |       |       |     3 |       ||     3
 Armour: Robe              |    12 |    24 |    26 |    18 |       ||    80
         Acid dragon scale |       |       |       |    18 |       ||    18
         Troll leather arm |       |       |       |    17 |       ||    17
  Dodge: Dodged            |    78 |    94 |   314 |   665 |     7 ||  1158
